 Dungeon Crawl Stone Soup version 0.30-a0-458-g86641cc (webtiles) character file.

Game seed: 6523250178203178499

50 Illumine the Covered (level 4, 0/40 HPs)
             Began as a Meteoran Fighter on Dec 14, 2022.
             Slain by a gnoll
             ... wielding a +0 whip of distortion
             ... led by a gnoll bouda
              (2 damage)
             ... on level 2 of the Dungeon.
             The game lasted 00:01:03 (463 turns).

Illumine the Covered (Meteoran Fighter)              Turns: 463, Time: 00:01:04

Health: 0/40       AC:  7    Str: 20    XL:     4   Next: 24%
Magic:  5/5        EV:  9    Int:  9    God:
Gold:   40         SH:  5    Dex: 13    Spells: 3/3 levels left

rFire   . . .      SeeInvis .    a - +0 war axe
rCold   . . .      Faith    .    c - +0 buckler
rNeg    . . .      Spirit   .    b - +0 scale mail
rPois   .          Reflect  .    (no helmet)
rElec   .          Harm     .    (no cloak)
rCorr   .          Rampage  .    (no gloves)
Will    .....                    (no boots)
Stlth   ..........               (no amulet)
HPRegen 0.26/turn                (no ring)
MPRegen 0.09/turn                (no ring)

@: mighty, glowing
A: sense surroundings 1, otherworldly, glowing, explore regen
a: no special abilities


You were on level 2 of the Dungeon.
You visited 1 branch of the dungeon, and saw 3 of its levels.

You collected 40 gold pieces.

Inventory:

Hand Weapons
 a - a +0 war axe (weapon)
Armour
 b - a +0 scale mail (worn)
 c - a +0 buckler (worn)
Scrolls
 e - a scroll of identify {unknown}
 g - 2 scrolls of magic mapping {unknown}
 j - a scroll of enchant armour {unknown}
Potions
 d - a potion of might
 f - a potion of haste {unknown}
 h - a potion of curing {unknown}
 i - a potion of flight {unknown}


   Skills:
 + Level 3.7 Fighting
 * Level 3.6 Axes
 + Level 4.1 Armour
 - Level 4.0 Shields


You had 3 spell levels left.
You didn't know any spells.
Your spell library contained the following spells:

 Spells                   Type           Power      Damage    Failure   Level
 Anguish                  Hex/Necr       0%         N/A       100%        4
 Enfeeble                 Hex            0%         N/A       100%        7


Dungeon Overview and Level Annotations

Branches:
Dungeon (3/15) Zot: 1310

Altars:

Shops:
D:1 =


Innate Abilities, Weirdness & Mutations

You passively map a small area around you.
You are easily found by Zot.
You glow in the dark.
You regain HP and MP as you explore.


Message History

The gnolls pick up the pace!
A kobold comes into view.
It is wielding a +0 club and quivering poisoned darts.
The kobold shouts!
The kobold throws a poisoned dart.
The poisoned dart hits you.
You are poisoned.
You feel sick. The gnoll barely misses you. The gnoll closely misses you.
The gnoll hits you but does no damage. You block the gnoll's attack.
The gnoll bouda gazes fiercely through you!
You feel your attacks grow feeble.
There is a stone staircase leading up here.
You feel sick. The gnoll hits you with a +0 halberd.
You block the gnoll's attack. The gnoll closely misses you.
You block the gnoll's attack.
You climb upwards.
You feel sick.
There is a stone staircase leading down here.
Unknown command.
You hit the gnoll.
The gnoll is moderately wounded.
You hit the gnoll. x2; You feel sick.
You are no longer poisoned.
The gnoll hits you with a +0 halberd! The gnoll hits you with a +0 club.
The gnoll closely misses you. The gnoll hits you with a +0 halberd!
* * * LOW HITPOINT WARNING * * *
The gnoll hits you with a +0 club.
* * * LOW HITPOINT WARNING * * *
Okay, then.
Sorry, you're not good enough to have a special ability.
Unknown command.
Sorry, you're not good enough to have a special ability.
Unknown command.
You feel very mighty all of a sudden. You block the gnoll's attack.
The gnoll hits you with a +0 club.
* * * LOW HITPOINT WARNING * * *
The gnoll closely misses you.
You closely miss the gnoll.
The gnoll is moderately wounded.
You hit the gnoll. x2
Your attacks no longer feel as feeble.
The gnoll hits you with a +0 whip of distortion.
You die...

* ...###.#..))<..# , #.##
#. #..........## * * #.# #
#..#........####.# , #.# *
#................# , #.##
#.####..#...##### #... #.
#.###.## #### , # #.# #.#
#. #.# #g# ###.####.###@# *
*<...........gg# * *
........###### ## * ##
####....†....# #.# *#.#
###..####.# *#.###.#
*...#####..####.## ##.#.# ,
..........#.....# ##...##
...#####.##.....####.....##
#.....†................####


You could see 3 gnolls.

Vanquished Creatures
  2 adders (D:2)
  2 dart slugs
  An endoplasm (D:2)
  A giant cockroach (D:2)
  3 hobgoblins
  2 quokkas (D:1)
  5 ball pythons
  5 bats
  3 frilled lizards (D:1)
  4 kobolds
  A rat (D:2)
29 creatures vanquished.

Notes
Turn   | Place    | Note
-------+----------+-------------------------------------------
     0 | D:1      | Illumine the Meteoran Fighter began the quest for the Orb.
     0 | D:1      | Reached XP level 1. HP: 19/19 MP: 2/2
    17 | D:1      | Reached XP level 2. HP: 4/26 MP: 3/3
   107 | D:1      | Found Xaev's Jewellery Emporium.
   134 | D:1      | Reached XP level 3. HP: 30/31 MP: 4/4
   217 | D:2      | Reached XP level 4. HP: 40/40 MP: 5/5
   462 | D:2      | HP: 2/40 [gnoll/+0 club[a gnoll bouda] (5)]
   463 | D:2      | Slain by a gnoll

Illustrated notes

Levels and vault maps discovered:
D:1:      dpeg_arrival_rhombus, layout_rooms, serial_shops, shop_fountains,
          minmay_crystal_water
D:2:      layout_loops_ring, serial_bayou_pond_e, grunt_ministairs_5,
          minmay_liquid_box, minmay_misc_feat_doors, kennysheep_generic_room_14,
          uniq_terence
D:3:      layout_rooms, mainiacjoe_overflow_paths,
          mainiacjoe_overflow_tiny_flanked

Skill      XL: |  1  2  3 |
---------------+----------+-----
Axes           | 3 |  3.6
Armour         | 4 |  4.1
Shields        | 4 |  4.0
Fighting       | |  3.7

Action                   |  1- 3 |  4- 6 || total
-------------------------+-------+-------++-------
Melee: War axe           |    45 |    17 ||    62
  Use: Potion            |       |     1 ||     1
Armor: Scale mail        |    31 |    13 ||    44
Dodge: Dodged            |    16 |    10 ||    26
Block: Buckler           |    17 |    11 ||    28

Table legend: (Time is in decaauts)
 A = Elapsed time spent in this place.
 B = Non-inter-level travel time spent in this place.
 C = Inter-level travel time spent in this place.
 D = Time resting spent in this place.
 E = Time spent auto-exploring this place.
 F = Levels seen in this place.
 G = Mean time per level.
                   A        B        C        D        E       F      G
               +--------+--------+--------+--------+--------+-----+--------+
         Total |    488 |    415 |     73 |      0 |    200 |   3 |  162.7 |
       Dungeon |    488 |    415 |     73 |      0 |    200 |   3 |  162.7 |
               +--------+--------+--------+--------+--------+-----+--------+

Top non-repeatable levels by time:
     D:2: 322 daAuts
     D:1: 160 daAuts
     D:3: 5 daAuts
